 Dungeon Crawl Stone Soup version 0.22.1-1-ga44c0e5 (webtiles) character file.

251 magicm the Skirmisher (level 5, -3/42 HPs)
             Began as a Demonspawn Chaos Knight on Nov 11, 2018.
             Slain by Grinder (4 damage)
             ... while paralysed by Grinder
             ... on level 3 of the Dungeon.
             The game lasted 00:10:18 (1966 turns).

magicm the Skirmisher (Demonspawn Chaos Knight)     Turns: 1966, Time: 00:10:18

Health: -3/42      AC:  8    Str: 19    XL:     5   Next: 88%
Magic:  5/5        EV:  2    Int: 19    God:    Xom [*.....]
Gold:   82         SH:  0    Dex: 13    Spells: 4/4 levels left

rFire    . . .     SeeInvis .   e - +4 quarterstaff (chaos)
rCold    + . .     Gourm    .   (shield currently unavailable)
rNeg     . . .     Faith    .   d - +3 ring mail
rPois    +         Spirit   .   (no helmet)
rElec    +         Reflect  .   (no cloak)
rCorr    .         Harm     .   (no gloves)
MR       .....                  (no boots)
Stlth    +.........             (no amulet)
HPRegen  0.14/turn              (no ring)
MPRegen  0.09/turn              (no ring)

@: paralysed, mighty, brilliant
A: talons 1, cold resistance 1, poison resistance, electricity resistance,
strong 1, freezing cloud immunity, MP-powered wands
a: Renounce Religion


You were on level 3 of the Dungeon.
You worshipped Xom.
You were a special plaything of Xom.
You were not hungry.

You visited 1 branch of the dungeon, and saw 3 of its levels.

You collected 82 gold pieces.

Inventory:

Hand Weapons
 a - a +0 hand axe of chaos
 e - a +4 quarterstaff of chaos (weapon)
Armour
 d - a +3 ring mail (worn)
Jewellery
 b - a +4 ring of strength {unknown}
Scrolls
 g - 2 scrolls of remove curse
Potions
 f - 3 potions of lignification
 h - a potion of haste
 j - a potion of heal wounds
Comestibles
 c - 3 rations


   Skills:
 + Level 3.9 Fighting
 + Level 3.6 Axes
 + Level 2.2 Staves
 + Level 3.1 Armour
 + Level 1.9 Dodging
 + Level 0.2 Stealth


You had 4 spell levels left.
You didn't know any spells.
Your spell library was empty.

Dungeon Overview and Level Annotations

Branches:
Dungeon (3/15)

Altars:
Trog

Annotations:
D:3 Grinder


Innate Abilities, Weirdness & Mutations

Your flesh is cold resistant. (rC+)
You are immune to freezing clouds.
You have sharp toenails.
Your system is resistant to poisons. (rPois)
You are resistant to electric shocks. (rElec)
Your muscles are strong. (Str +2)
You expend magic power (3 MP) to strengthen your wands.


Message History

Grinder blinks!
Your transformation is almost over.
Grinder gestures at you. You resist with significant effort.
You hear Xom's avuncular chuckle.
Grinder seems to speed up.
Grinder blinks!
You feel less wooden.
Your +3 ring mail unmelds from your body.
Grinder gestures at you.
You suddenly lose the ability to move!
Grinder gestures at you. Pain shoots through your body!
* * * LOW HITPOINT WARNING * * *
Grinder gestures at you. Pain shoots through your body!
* * * LOW HITPOINT WARNING * * *
Grinder hits you.
You die...
Xom titters!

###### #....#
#.##.# #.##%#
#.##@# #†##5#
#.##)#
######+######!##.#
.............>##.#
# ##.....#######.#
#.....# #.#
###'### #.# ####
#.#


You could see Grinder.

Vanquished Creatures
  An iguana (shapeshifter) (D:3)
  2 orc wizards (D:3)
  10 adders
  A worm (D:3)
  2 dart slugs
  A leopard gecko (D:1)
  4 orcs (D:3)
  A ball python (D:1)
  7 bats
  3 giant cockroaches
  8 goblins
  13 hobgoblins
  5 frilled lizards
  9 kobolds
  9 rats
76 creatures vanquished.

Notes
Turn   | Place    | Note
-------+----------+-------------------------------------------
     0 | D:1      | magicm the Demonspawn Chaos Knight began the quest for the
                  | Orb.
     0 | D:1      | Reached XP level 1. HP: 18/18 MP: 1/1
   124 | D:1      | Gained mutation: Your flesh is cold resistant. (rC+)
                  | [demonic ancestry]
   124 | D:1      | Reached XP level 2. HP: 2/24 MP: 2/2
   593 | D:1      | XOM: scenery: 1 doors close
   600 | D:1      | Reached skill level 1 in Dodging
   618 | D:1      | XOM: give mutations
   618 | D:1      | Gained mutation: You have sharp toenails. [Xom's grace]
   618 | D:1      | Gained mutation: Your muscles are strong. (Str +2) [Xom's
                  | grace]
   724 | D:1      | XOM: cloud trail
   773 | D:2      | Gained mutation: You are immune to freezing clouds.
                  | [demonic ancestry]
   773 | D:2      | Reached XP level 3. HP: 18/29 MP: 3/3
   903 | D:2      | XOM: divination: magic mapping
   957 | D:2      | XOM: god gift: runed quarterstaff {god gift}
  1013 | D:2      | Reached XP level 4. HP: 29/35 MP: 4/4
  1018 | D:2      | XOM: smoke on damage
  1201 | D:2      | XOM: divination: magic mapping
  1410 | D:2      | Found a bloodstained altar of Trog.
  1575 | D:3      | Reached XP level 5. HP: 32/42 MP: 5/5
  1576 | D:3      | Reached skill level 1 in Staves
  1579 | D:3      | XOM: smoke on damage
  1691 | D:3      | XOM: scenery: 1 doors open
  1722 | D:3      | XOM: scenery: 1 doors close
  1839 | D:3      | XOM: give mutations
  1839 | D:3      | Gained mutation: Your system is resistant to poisons.
                  | (rPois) [Xom's grace]
  1839 | D:3      | Gained mutation: You are resistant to electric shocks.
                  | (rElec) [Xom's grace]
  1839 | D:3      | Gained mutation: You expend magic power (3 MP) to
                  | strengthen your wands. [Xom's grace]
  1933 | D:3      | Noticed Grinder
  1936 | D:3      | Paralysed by Grinder for 4 turns
  1958 | D:3      | XOM: enchant monster (bad)
  1963 | D:3      | Paralysed by Grinder for 4 turns
  1965 | D:3      | HP: 1/42 [Grinder/nerve-wracking pain (9)]
  1966 | D:3      | Slain by Grinder

Skill      XL: |  1  2  3  4  5 |
---------------+----------------+-----
Axes           | 3 |  3.6
Armour         | 2 3 |  3.1
Dodging        | 1 |  1.9
Staves         | 2 |  2.2
Fighting       | |  3.9
Stealth        | |  0.2

Action                   |  1- 3 |  4- 6 || total
-------------------------+-------+-------++-------
Melee: Hand axe          |    73 |       ||    73
       Kick              |    12 |    15 ||    27
       Quarterstaff      |     8 |    97 ||   105
  Use: Scroll            |     7 |     6 ||    13
       Potion            |     3 |     4 ||     7
 Stab: Confused          |       |     1 ||     1
  Eat: Ration            |       |     1 ||     1
Armor: Leather armour    |    26 |       ||    26
       Ring mail         |     6 |    56 ||    62
Dodge: Dodged            |    49 |    98 ||   147
